 Dungeon Crawl Stone Soup version 0.32-a0-422-g28b100f618 (webtiles) character file.

Game seed: 9781322101495340627

4974 zeratav the Cleaver (level 10, -2/93 HPs)
             Began as a Minotaur Fighter on Feb 21, 2024.
             Was a Believer of Beogh.
             Killed by the air
             ... invoked by Gastronok
              (38 damage)
             ... on level 8 of the Dungeon.
             The game lasted 00:10:45 (8862 turns).

zeratav the Cleaver (Minotaur Fighter)              Turns: 8862, Time: 00:10:46

Health: -2/93      AC: 15    Str: 25    XL:     10   Next: 29%
Magic:  9/9        EV:  7    Int: 11    God:    Beogh [**....]
Gold:   431        SH:  4    Dex: 10    Spells: 9/9 levels left

rFire   . . .        a - +0 war axe {axe}
rCold   . . .        c - +0 buckler
rNeg    . . .        F - +0 plate armour
rPois   +            (helmet restricted)
rElec   .            (no cloak)
rCorr   .            k - +0 pair of gloves
SInv    .            (no boots)
Will    .....        (no amulet) Stlth
                     p - ring of poison resistance
HPRegen 0.35/turn    R - +6 ring of intelligence
MPRegen 0.11/turn

%: no passive effects
@: no status effects
A: horns 2, retaliatory headbutt
a: Renounce Religion, Smiting


You were on level 8 of the Dungeon.
You worshipped Beogh.
Beogh was pleased with you.
You visited 1 branch of the dungeon, and saw 8 of its levels.
You also visited: Ossuary.

You collected 431 gold pieces.


Innate Abilities, Weirdness & Mutations

Your facial features look somewhat orcish.
You have a pair of horns on your head.
You reflexively headbutt those who attack you in melee.


   Skills:
 - Level 10.0 Fighting
 + Level 12.8 Axes
 - Level 10.0 Armour
 - Level 3.6 Shields


You had 9 spell levels left.
You didn't know any spells.
Your spell library contained the following spells:

 Spells                   Type           Power      Damage    Failure   Level
 Summon Small Mammal      Summ           0%         N/A       99%         1
 Cigotuvi's Dreadful Rot  Necr/Alch/Air  0%         N/A       100%        2
 Call Canine Familiar     Summ           0%         N/A       100%        3
 Hailstorm                Conj/Ice       0%         3d5       100%        3
 Summon Ice Beast         Ice/Summ       0%         N/A       100%        3
 Cause Fear               Hex            0%         N/A       100%        4
 Ignite Poison            Fire/Alch      0%         N/A       100%        4
 Summon Blazeheart Golem  Fire/Summ      0%         N/A       100%        4
 Vhi's Electric Charge    Tloc/Air       0%         N/A       100%        4
 Arcjolt                  Conj/Air       0%         1d10      100%        5
 Fireball                 Conj/Fire      0%         3d3       100%        5
 Freezing Cloud           Conj/Ice/Air   0%         6-21      100%        5
 Yara's Violent Unravell  Hex/Alch       0%         3d3       100%        5
 Eringya's Noxious Bog    Alch           0%         4d6       100%        6
 Sculpt Simulacrum        Ice/Alch       0%         N/A       100%        6
 Lehudib's Crystal Spear  Conj/Erth      0%         10d2      100%        8
 Maxwell's Capacitive Co  Air            0%         ∞         100%        8
 Dragon's Call            Summ           0%         N/A       100%        9

Inventory:

Hand Weapons
 a - a +0 war axe (weapon) {axe}
 A - the +6 sling of Plog {freeze, rF+ Str+3 Stlth+}
   (You found it on level 4 of the Dungeon)

   Str+3:     It affects your strength (+3).
   rF+:       It protects you from fire.
   Stlth+:    It makes you more stealthy.
 H - the +6 spear of Gloom {drain, rF++ Int+2, polearm}
   (You took it off a kobold brigand on level 8 of the Dungeon)

   Int+2:     It affects your intelligence (+2).
   rF++:      It greatly protects you from fire.
 I - a +6 flail {mace}
   (You took it off a wight on level 6 of the Dungeon)
 M - a +2 morningstar of flaming {mace}
   (You took it off Maggie on level 7 of the Dungeon)
Missiles
 b - 20 poisoned darts (quivered) {throwing}
 E - a boomerang {throwing}
 J - a throwing net {=fthrowing}
Armour
 c - a +0 buckler (worn)
 k - a +0 pair of gloves (worn)
   (You found it on level 2 of the Dungeon)
 m - a +1 scale mail of fire resistance
   (You found it on level 2 of the Dungeon)
 F - a +0 plate armour (worn)
   (You found it on level 6 of the Dungeon)
 O - +0 acid dragon scales
   (You took it off Maggie on level 7 of the Dungeon)
Jewellery
 p - a ring of poison resistance (left hand)
   (You found it on level 7 of the Dungeon)
 s - a ring of magical power
   (You found it on level 4 of the Dungeon)
 D - a ring of ice
   (You found it on level 5 of the Dungeon)
 Q - a ring of willpower
   (You found it on level 8 of the Dungeon)
 R - a +6 ring of intelligence (right hand)
   (You took it off a gnoll on level 8 of the Dungeon)
Wands
 r - a wand of polymorph (22)
   (You found it on level 3 of the Dungeon)
 K - a wand of quicksilver (6)
   (You took it off Pikel on level 7 of the Dungeon)
 L - a wand of mindburst (17)
   (You found it on level 7 of the Dungeon)
Scrolls
 i - 9 scrolls of identify {@r1}
 j - 3 scrolls of amnesia
 l - 2 scrolls of enchant armour {unknown}
 n - 2 scrolls of blinking {unknown}
 o - 2 scrolls of poison {unknown}
 t - 2 scrolls of immolation {unknown}
 u - 3 scrolls of enchant weapon
 v - 2 scrolls of teleportation {@r4}
 y - a scroll of acquirement {unknown}
 G - 2 scrolls of noise {unknown}
Potions
 d - 3 potions of might
 e - 2 potions of brilliance {unknown}
 f - 2 potions of mutation {unknown}
 g - 2 potions of haste {unknown}
 h - 4 potions of curing {unknown}
 q - a potion of cancellation {unknown}
 w - a potion of lignification {unknown}
 x - a potion of degeneration {unknown}
 z - 4 potions of enlightenment {unknown}
 B - a potion of ambrosia {unknown}
 C - a potion of attraction {unknown}
 N - a potion of magic {unknown}
 P - a potion of heal wounds {unknown}

Dungeon Overview and Level Annotations

Branches:
Dungeon (8/15) Zot: 25792  Temple (0/1) D:6         Ossuary (visited)
   Lair: D:8-11

Altars:
Gozag
Sif Muna
Wu Jian

Annotations:
D:8 1 runed translucent door, Gastronok

####......###### #..###
...............# #..#
####.#.#######.# #.#.#
#.#.# ### #.#.# ..# #.#.#
###.####.#
#.#.#######........#
#.......)...#@#########
######.#########w.........
...# #.# ##.######## ##.#
#.# #.# #.# #.# ##.#
#.###.## #).# #.#....#
######'########
##.#....#......w........#
##.#....#!..........uS..#


You could see Gastronok.


Message History

Throw: 22 darts (poison) {throwing}
Press: ? - help, Q - select action, (/) - cycle Shift-Dir - straight line, f - brown ugly thing
Aim: a brown ugly thing (wandering, hasn't noticed you, 59% to hit)
You throw a poisoned dart {throwing}.
The poisoned dart {throwing} closely misses the brown ugly thing.
The brown ugly thing gurgles horribly!
You hear an angry hiss.
A water moccasin comes into view.
Throw: 21 darts (poison) {throwing}
Press: ? - help, Q - select action, (/) - cycle Shift-Dir - straight line, f/p - brown ugly thing
Aim: a brown ugly thing (59% to hit)
You throw a poisoned dart {throwing}.
The poisoned dart {throwing} closely misses the brown ugly thing.
The water moccasin hisses angrily.
Gastronok the Ponderous comes into view.
Gastronok gurgles horribly!
As you read the scroll labelled IRANASMINTA, it crumbles to dust.
It is a scroll of identify.
j - 3 scrolls of amnesia You feel a sudden, passing aversion to salt.
As you read the scroll of identify {@r1}, it crumbles to dust.
u - 3 scrolls of enchant weapon
As you read the scroll of identify {@r1}, it crumbles to dust.
v - 3 scrolls of teleportation
Okay, then.
As you read the scroll of teleportation {@r4}, it crumbles to dust.
You feel strangely unstable.
You slash the brown ugly thing!
Your headbutt misses the brown ugly thing.
Gastronok waves his eye-stalks in wide circles.
The air twists around and strikes you!!
HP[-29]
You take 29 damage, and now have 64/93 hp.
MASSIVE DAMAGE!! (PAUSE)
You slash the brown ugly thing!
Your headbutt misses the brown ugly thing.
You barely miss the water moccasin.
The water moccasin bites you but does no damage.
The brown ugly thing stings you but does no damage.
You slash the brown ugly thing! You headbutt the brown ugly thing.
You barely miss the water moccasin.
The water moccasin bites you but does no damage.
The brown ugly thing stings you but does no damage.
HP[+1]
You barely miss the brown ugly thing. You hit the water moccasin.
The water moccasin barely misses you. You furiously retaliate!
You headbutt the water moccasin. The brown ugly thing stings you!
The acid corrodes you!
You are splashed with acid.
HP[-13]
You take 13 damage, and now have 52/93 hp.
Unknown command.
You slash the brown ugly thing! You hit the water moccasin.
Your surroundings suddenly seem different.
You start resting.
You are no longer corroded.
HP[+6]
You regained 6 hp, and now have 58/93 hp.
You start resting.
HP[+35]
Your hp is fully restored (93).
You start waiting.
Done waiting.
Things that are here:
a +0 whip {mace}; a kobold skeleton
Items here: ( ))) ÷÷÷.
Things that are here:
a +0 whip {mace}; 3 stones {throwing} You see here a +0 dagger {short}.
Things that are here:
a +0 antimagic dire flail {mace}; a +0 giant spiked club {mace}; a two-headed ogre skeleton Gastronok gurgles horribly!
You take on a slight green cast.
You hit Gastronok.
You headbutt Gastronok, but do no damage.
You hit Gastronok. Your headbutt misses Gastronok. Gastronok bites you!
HP[-8]
You take 8 damage, and now have 85/93 hp.
You slash Gastronok! You hit Gastronok but do no damage. Gastronok bites you!!
HP[-23]
You take 23 damage, and now have 62/93 hp.
MASSIVE DAMAGE!! (PAUSE)
You hit Gastronok but do no damage.
HP[+1]
You hit Gastronok. Gastronok bites you but does no damage.
You slash Gastronok! You headbutt Gastronok. You hit Gastronok.
Gastronok waves his eye-stalks in wide circles.
The air twists around and strikes you!!
* * * LOW HITPOINT WARNING * * *
HP[-28]
You take 28 damage, and now have 35/93 hp.
MASSIVE DAMAGE!! (PAUSE)
You completely miss Gastronok.
HP[+1]
You completely miss Gastronok.
Gastronok waves his eye-stalks in wide circles.
The air twists around and strikes you!!!
You die...
Gastronok gurgles, "Time to dig in!"

Skill      XL: |  1  2  3  4  5  6  7  8  9 10 |
---------------+-------------------------------+-----
Axes           | 3 4 5 6 7 9 10 11 12 | 12.8
Fighting       | 6 10 | 10.0
Armour         | 7 10 | 10.0
Shields        | |  3.6

Action                     |  1- 3 |  4- 6 |  7- 9 | 10-12 || total
---------------------------+-------+-------+-------+-------++-------
  Melee: War axe           |    40 |   161 |   234 |    93 ||   528
         Headbutt          |     4 |    25 |    43 |    16 ||    88
   Fire: Sling             |       |       |    45 |       ||    45
  Throw: Dart              |       |       |       |     2 ||     2
 Invoke: Convert to Beogh  |       |       |     1 |       ||     1
  Evoke: Wand              |       |       |       |     4 ||     4
    Use: Scroll            |       |       |       |     4 ||     4
 Armour: Scale mail        |    24 |    97 |    55 |       ||   176
         Plate armour      |       |       |   165 |    65 ||   230
  Dodge: Dodged            |    10 |    64 |    71 |    24 ||   169
  Block: Buckler           |     7 |    43 |    51 |     7 ||   108

Levels and vault maps discovered:
D:1:      dpeg_arrival_rooms_c, layout_loops_corners,
          ebering_ecumenical_altar_rust
D:2:      kennysheep_the_goblin_king, layout_rooms, minmay_close_crescents
D:3:      layout_basic
D:4:      layout_basic, enter_ossuary_4
D:5:      layout_layer_cave, mainiacjoe_overflow_small_starburst, uniq_menkaure
D:6:      minmay_evil_eye, layout_loops_ring, minmay_temple_entry_hall
D:7:      layout_loops_ring, old_standard_altar, uniq_maggie, uniq_pikel
D:8:      lemuel_insect_pit, layout_loops_ring, grunt_gozag_breadcrumbs,
          uniq_amaemon, uniq_gastronok

Notes
Turn   | Place    | Note
-------+----------+-------------------------------------------
     0 | D:1      | zeratav the Minotaur Fighter began the quest for the Orb.
     0 | D:1      | Reached XP level 1. HP: 19/19 MP: 0/0
     0 | D:1      | magus.rc [v1.9.6]
   119 | D:1      | Reached skill level 3 in Axes
   275 | D:1      | Reached XP level 2. HP: 26/26 MP: 1/1
   283 | D:1      | Found a faded altar of an unknown god.
   409 | D:1      | Reached skill level 4 in Axes
   557 | D:1      | Reached XP level 3. HP: 28/31 MP: 2/2
   923 | D:2      | Reached skill level 5 in Axes
   923 | D:2      | Reached XP level 4. HP: 30/39 MP: 3/3
  1144 | D:2      | Reached skill level 6 in Axes
  1533 | D:2      | Reached XP level 5. HP: 45/45 MP: 4/4
  2163 | D:3      | Reached skill level 7 in Axes
  2652 | D:4      | Found a sand-covered staircase.
  2666 | Ossuary  | Entered an ossuary
  2702 | Ossuary  | Reached XP level 6. HP: 51/51 MP: 5/5
  2735 | Ossuary  | Reached skill level 8 in Axes
  2838 | Ossuary  | Reached skill level 9 in Axes
  2844 | Ossuary  | Reached XP level 7. HP: 49/57 MP: 6/6
  3046 | D:4      | You pick up a book of the Tundra and begin reading...
  3046 | D:4      | You add the spells Hailstorm, Summon Ice Beast and Sculpt
                  | Simulacrum to your library.
  3090 | D:4      | Became a worshipper of Beogh the Shepherd
  3292 | D:4      | Identified the +6 sling of Plog {freeze, rF+ Str+3 Stlth+}
  3323 | D:4      | You add the spells Yara's Violent Unravelling, Eringya's
                  | Noxious Bog and Lehudib's Crystal Spear to your library.
  3323 | D:4      | Got the Exposition on Melanotic Lithomancy
  3470 | D:5      | Entered Level 5 of the Dungeon
  3507 | D:5      | Reached skill level 10 in Axes
  3507 | D:5      | Reached skill level 4 in Fighting
  3793 | D:5      | Reached skill level 5 in Fighting
  3824 | D:5      | Found a shimmering blue altar of Sif Muna.
  3885 | D:5      | Noticed Menkaure
  3889 | D:5      | Killed Menkaure
  3890 | D:5      | Reached skill level 6 in Fighting
  4001 | D:5      | Reached XP level 8. HP: 68/71 MP: 7/7
  4101 | D:5      | Reached skill level 7 in Fighting
  5076 | D:6      | Found a staircase to the Ecumenical Temple.
  5119 | D:6      | Reached skill level 8 in Fighting
  5144 | D:6      | Reached * piety under Beogh
  5214 | D:6      | You pick up a book of Callings and begin reading...
  5214 | D:6      | You add the spells Summon Small Mammal, Call Canine
                  | Familiar and Summon Blazeheart Golem to your library.
  5295 | D:6      | Reached skill level 9 in Fighting
  5450 | D:6      | Reached skill level 10 in Fighting
  5450 | D:6      | Reached skill level 4 in Armour
  5854 | D:7      | Noticed Pikel
  5878 | D:7      | Killed Pikel
  5879 | D:7      | Reached skill level 7 in Armour
  5879 | D:7      | Reached XP level 9. HP: 45/85 MP: 8/8
  6023 | D:7      | Reached skill level 8 in Armour
  6039 | D:7      | Reached skill level 9 in Armour
  6246 | D:7      | HP: 14/85 [orc warrior/+0 glaive (15)]
  6530 | D:7      | Reached ** piety under Beogh
  6539 | D:7      | Reached skill level 10 in Armour
  6825 | D:7      | Noticed Maggie
  6841 | D:7      | Killed Maggie
  6842 | D:7      | Reached skill level 11 in Axes
  7006 | D:7      | Found an ornate altar of the Wu Jian Council.
  7093 | D:7      | Reached XP level 10. HP: 60/93 MP: 9/9
  7655 | D:8      | Found an opulent altar of Gozag.
  7856 | D:8      | You add the spells Cigotuvi's Dreadful Rot, Ignite Poison
                  | and Freezing Cloud to your library.
  7870 | D:8      | Identified the +6 spear of Gloom {drain, rF++ Int+2}
  8017 | D:8      | You add the spells Vhi's Electric Charge, Arcjolt and
                  | Maxwell's Capacitive Coupling to your library.
  8037 | D:8      | Reached skill level 12 in Axes
  8283 | D:8      | You pick up a book of the Dragon and begin reading...
  8283 | D:8      | You add the spells Cause Fear, Fireball and Dragon's Call
                  | to your library.
  8328 | D:8      | Noticed a two-headed ogre
  8347 | D:8      | Killed a two-headed ogre
  8553 | D:8      | Found a runed translucent door.
  8555 | D:8      | Noticed a brown ugly thing
  8558 | D:8      | Noticed Gastronok
  8862 | D:8      | Killed from afar by Gastronok

Vanquished Creatures
  A two-headed ogre (D:8)
  Pikel (D:7)
  Maggie (D:7)
  4 yaks (D:7)
  Menkaure (D:5)
  A steam dragon (D:6)
  A water moccasin (D:8)
  2 orc warriors (D:7)
  2 sky beasts (D:7)
  3 lemures (D:7)
  2 phantoms (D:5)
  A kobold brigand (D:8)
  A bullfrog (D:6)
  An elf zombie (Ossuary)
  2 gnoll sergeants
  3 scorpions
  A burial acolyte (Ossuary)
  7 wights
  3 bombardier beetles
  A centaur zombie (Ossuary)
  3 human zombies (Ossuary)
  A jelly (D:6)
  3 hounds
  3 orc priests
  2 gnoll boudas
  4 iguanas
  A sleepcap (D:6)
  7 orc wizards
  A crocodile zombie (Ossuary)
  A hound zombie (Ossuary)
  3 mummies (Ossuary)
  5 adders
  14 gnolls
  A white imp (D:7)
  2 ufetubi (D:5)
  An adder zombie (Ossuary)
  2 dart slugs
  2 ribbon worms
  17 orcs
  4 bats
  2 endoplasms
  4 giant cockroaches
  9 hobgoblins
  7 jackals (D:2)
  17 kobolds
  3 quokkas
  6 ball pythons
  6 ball python zombies (Ossuary)
  4 frilled lizards
  2 gnoll zombies (Ossuary)
  12 goblins
  A goblin zombie (D:4)
  6 jackal zombies (Ossuary)
  5 kobold zombies (Ossuary)
  3 orc zombies (Ossuary)
  A quokka zombie (D:4)
  6 rats
210 creatures vanquished.

Vanquished Creatures (others)
  An orc (D:7)
1 creature vanquished.

Grand Total: 211 creatures vanquished

Table legend:
 A = Non-vault XP
 B = Vault XP
 C = Vault XP percentage of total XP
 D = Non-vault monster count
 E = Vault monster count
 F = Vault count percentage of total count
                 A         B        C        D         E       F
            +---------+---------+-------+---------+---------+-------
      Total |    5245 |    1862 |  26.2 |     154 |      53 |  25.6
            +---------+---------+-------+---------+---------+-------
        D:1 |      49 |       0 |   0.0 |      20 |       0 |   0.0
        D:2 |     135 |      26 |  16.1 |      23 |       9 |  28.1
        D:3 |      90 |       0 |   0.0 |      17 |       0 |   0.0
        D:4 |      98 |       4 |   3.9 |      16 |       2 |  11.1
        D:5 |     464 |     173 |  27.2 |       9 |       1 |  10.0
        D:6 |     944 |     139 |  12.8 |      17 |       5 |  22.7
        D:7 |    1969 |    1017 |  34.1 |      28 |       2 |   6.7
        D:8 |    1496 |       0 |   0.0 |      24 |       0 |   0.0
    Ossuary |       0 |     503 | 100.0 |       0 |      34 | 100.0
            +---------+---------+-------+---------+---------+-------

Skill      XL: |  1  2  3  4  5  6  7  8  9 10 |
---------------+-------------------------------+-----
Axes           | 3 4 5 6 7 9 10 11 12 | 12.8
Fighting       | 6 10 | 10.0
Armour         | 7 10 | 10.0
Shields        | |  3.6

Action                     |  1- 3 |  4- 6 |  7- 9 | 10-12 || total
---------------------------+-------+-------+-------+-------++-------
  Melee: War axe           |    40 |   161 |   234 |    93 ||   528
         Headbutt          |     4 |    25 |    43 |    16 ||    88
   Fire: Sling             |       |       |    45 |       ||    45
  Throw: Dart              |       |       |       |     2 ||     2
 Invoke: Convert to Beogh  |       |       |     1 |       ||     1
  Evoke: Wand              |       |       |       |     4 ||     4
    Use: Scroll            |       |       |       |     4 ||     4
 Armour: Scale mail        |    24 |    97 |    55 |       ||   176
         Plate armour      |       |       |   165 |    65 ||   230
  Dodge: Dodged            |    10 |    64 |    71 |    24 ||   169
  Block: Buckler           |     7 |    43 |    51 |     7 ||   108

Illustrated notes

Table legend:
 A = Kills in this place as a percentage of kills in the entire game.
 B = Kills by you in this place as a percentage of kills by you in the entire game.
 C = Kills by friends in this place as a percentage of kills by friends in the entire game.
 D = Other kills in this place as a percentage of other kills in the entire game.
 E = Experience gained in this place as a percentage of experience gained in the entire game.
 F = Experience gained in this place divided by the number of levels of this place that you have seen.
                   A       B       C       D       E      F
               +-------+-------+-------+-------+-------+----------------------
         Total | 100.0 | 100.0 |   N/A |   N/A | 100.0 | 789.7
       Dungeon |  83.6 |  83.6 |   N/A |   N/A |  92.9 | 825.5
       Ossuary |  16.4 |  16.4 |   N/A |   N/A |   7.1 | 503.0
               +-------+-------+-------+-------+-------+----------------------

Table legend: (Time is in decaauts)
 A = Elapsed time spent in this place.
 B = Non-inter-level travel time spent in this place.
 C = Inter-level travel time spent in this place.
 D = Time resting spent in this place.
 E = Time spent auto-exploring this place.
 F = Levels seen in this place.
 G = Mean time per level.
                   A        B        C        D        E       F      G
               +--------+--------+--------+--------+--------+-----+--------+
         Total |   8926 |   8602 |    324 |    966 |   6335 |   9 |  991.8 |
       Dungeon |   8557 |   8233 |    324 |    966 |   6118 |   8 | 1069.6 |
       Ossuary |    369 |    369 |      0 |      0 |    217 |   1 |  369.0 |
               +--------+--------+--------+--------+--------+-----+--------+

Top non-repeatable levels by time:
     D:7: 1519 daAuts
     D:6: 1355 daAuts
     D:5: 1330 daAuts
     D:8: 1206 daAuts
     D:1: 930 daAuts
     D:3: 845 daAuts
     D:2: 783 daAuts
     D:4: 586 daAuts
 Ossuary: 369 daAuts
